 Dungeon Sprint DCSS version 0.30-a0-469-g84de5afbc5 (webtiles) character file.

Game seed: 9394959386857064158

177 rocky1 the Carver (level 5, -3/46 HPs)
             Began as a Merfolk Gladiator on Dec 20, 2022.
             Slain by a shadow (20 damage)
             ... in the Dungeon (Sprint III: "The Ten Rune Challenge").
             The game lasted 00:01:11 (570 turns).

rocky1 the Carver (Merfolk Gladiator)                Turns: 570, Time: 00:01:12

Health: -3/46      AC:  4    Str: 14    XL:     5   Next: 57%
Magic:  5/5        EV: 15    Int:  8    God:
Gold:   35         SH:  0    Dex: 17    Spells: 4/4 levels left

rFire   . . .      SeeInvis .    a - +0 long sword
rCold   . . .      Faith    .    (no shield)
rNeg    . . .      Spirit   .    b - +0 leather armour
rPois   .          Reflect  .    c - +0 helmet
rElec   .          Harm     .    (no cloak)
rCorr   .          Rampage  .    (no gloves)
Will    .....      NoTele   +    (no boots)
Stlth   +++.......               (no amulet)
HPRegen 0.27/turn                (no ring)
MPRegen 0.09/turn                (no ring)

@: no status effects
A: (nimble swimmer 2), mertail
a: no special abilities


You were in the Dungeon.
You visited 1 branch You collected 35 gold pieces.

Inventory:

Hand Weapons
 a - a +0 long sword (weapon)
Missiles
 d - a throwing net (quivered)
 e - a javelin
Armour
 b - a +0 leather armour (worn)
 c - a +0 helmet (worn)
Scrolls
 k - a scroll of blinking
 l - 3 scrolls of identify {unknown}
 m - 2 scrolls of immolation {unknown}
Potions
 f - a potion of curing
 g - a potion of heal wounds
 h - 2 potions of haste
 i - 2 potions of magic
 n - a potion of lignification {unknown}
 o - 2 potions of flight
 p - 4 potions of mutation


   Skills:
 + Level 5.7 Fighting
 * Level 9.1 Long Blades
 - Level 2.0 Throwing
 + Level 7.5 Dodging
 + Level 5.6 Stealth


You had 4 spell levels left.
You didn't know any spells.
Your spell library was empty.

Dungeon Overview and Level Annotations

Branches:
Dungeon (1/1)

Altars:


Innate Abilities, Weirdness & Mutations

((You are very nimble when in or above water. (Stealth+, EV+, Speed+++)))
Your lower body shifts to a powerful aquatic tail in water.


Message History

Unknown command.
You close the door.
You start resting.
HP restored.
You open the door.
A shadow comes into view.
There is an open door here.
The helpless shadow fails to defend itself.
You hit the shadow but do no damage. The shadow barely misses you.
You hit the shadow.
The shadow is lightly damaged.
The shadow slips into darkness.
The shadow flickers and vanishes!
Deactivating autopickup; reactivate with Ctrl-A.
You miss something.
The shadow strikes at you from the darkness!
Ouch! That really hurt!
Reactivating autopickup.
You hit the shadow but do no damage.
The shadow is lightly damaged.
The shadow hits you.
You hit the shadow but do no damage.
The shadow is lightly damaged.
The shadow barely misses you.
You closely miss the shadow.
The shadow is lightly damaged.
The shadow misses you.
You hit the shadow.
The shadow is heavily damaged.
You slash the shadow!
The shadow is almost destroyed.
The shadow hits you.
You barely miss the shadow.
The shadow is almost destroyed.
The shadow slips into darkness.
The shadow flickers and vanishes!
Deactivating autopickup; reactivate with Ctrl-A.
You miss something.
The shadow strikes at you from the darkness!
You die...

▓▓▓ # ##.# #####..#
.#..#..#
.#..#..###+#+###+##
.##'#..#..........#
.###...'.⌠........#
####...#...######'#
###....#.⌠.# #{@.#
##.....#...# #...#
#......#+### #...#
.#.....# #...+
###....# +...#
▓▓▓▓▓▓ ▓▓▓▓▓


There were no monsters in sight!

Vanquished Creatures
  A water elemental (D)
  A scorpion (D)
  A jelly (D)
  A human (D)
  2 endoplasms (D)
  2 rats (D)
8 creatures vanquished.

Notes
Turn   | Place    | Note
-------+----------+-------------------------------------------
     0 | D        | rocky1 the Merfolk Gladiator began the quest for the Orb.
     0 | D        | Reached XP level 1. HP: 16/16 MP: 1/1
    10 | D        | Reached skill level 4 in Long Blades
    13 | D        | Reached skill level 1 in Stealth
    69 | D        | Reached skill level 5 in Long Blades
    69 | D        | Reached skill level 5 in Dodging
    69 | D        | Reached XP level 2. HP: 24/24 MP: 2/2
   242 | D        | Noticed a scorpion
   248 | D        | Killed a scorpion
   249 | D        | Reached skill level 7 in Long Blades
   249 | D        | Reached XP level 3. HP: 30/31 MP: 3/3
   249 | D        | Reached XP level 4. HP: 37/38 MP: 4/4
   374 | D        | Noticed a water elemental
   382 | D        | Killed a water elemental
   383 | D        | Reached skill level 5 in Fighting
   383 | D        | Reached skill level 8 in Long Blades
   383 | D        | Reached skill level 5 in Stealth
   383 | D        | Reached XP level 5. HP: 44/44 MP: 5/5
   535 | D        | Reached skill level 9 in Long Blades
   559 | D        | Noticed a shadow
   570 | D        | Slain by a shadow

Illustrated notes

Levels and vault maps discovered:
D:        dungeon_sprint_mu [sprint_mu_entry_cave, sprint_mu_temple_rooms,
          sprint_mu_d1_spiders, sprint_mu_d2_genie, sprint_mu_d3_branching,
          sprint_mu_orc_legion, sprint_mu_elf_gauntlet, sprint_mu_hive_nellie,
          sprint_mu_lair_fedhas, sprint_mu_vaults_butterflies,
          sprint_mu_slime_circle, sprint_mu_shoals_archi,
          sprint_mu_snake_twists, sprint_mu_blade_basic,
          sprint_mu_crypt_fortress, sprint_mu_tomb_spiral,
          sprint_mu_vestibule_basic, sprint_mu_gehenna_hellfire,
          sprint_mu_dis_giant, sprint_mu_tartarus_statrot,
          sprint_mu_cocytus_islands, sprint_mu_zot1]

Skill      XL: |  1  2  3  4  5 |
---------------+----------------+-----
Long Blades    | 5 7 8 9 |  9.1
Stealth        | 2 4 5 |  5.6
Fighting       | 3 4 5 |  5.7
Dodging        | 5 6 7 |  7.5
Throwing       | |  2.0

Action                   |  1- 3 |  4- 6 || total
-------------------------+-------+-------++-------
Melee: Long sword        |    22 |    19 ||    41
Throw: Throwing net      |     2 |       ||     2
  Use: Potion            |       |     1 ||     1
 Stab: Held in net/web   |     2 |       ||     2
       Sleeping          |     1 |     1 ||     2
Armor: Leather armour    |     1 |     2 ||     3
Dodge: Dodged            |     8 |     6 ||    14

Table legend: (Time is in decaauts)
 A = Elapsed time spent in this place.
 B = Non-inter-level travel time spent in this place.
 C = Inter-level travel time spent in this place.
 D = Time resting spent in this place.
 E = Time spent auto-exploring this place.
 F = Levels seen in this place.
 G = Mean time per level.
                   A        B        C        D        E       F      G
               +--------+--------+--------+--------+--------+-----+--------+
         Total |    587 |    587 |      0 |    444 |      6 |   1 |  587.0 |
       Dungeon |    587 |    587 |      0 |    444 |      6 |   1 |  587.0 |
               +--------+--------+--------+--------+--------+-----+--------+

Top non-repeatable levels by time:
       D: 587 daAuts
